 Dungeon Crawl Stone Soup version 0.25-a0-435-g4b9beb1024 (webtiles) character file.

Game seed: 15303228984756735397, levelgen mode: deterministic

206367 digijack the Tortoise (level 18, -4/155 HPs)
             Began as a Demonspawn Berserker on Jan 26, 2020.
             Was a High Priest of Trog.
             Killed from afar by a hell knight (23 damage)
             ... with a bolt of fire
             ... on level 1 of the Depths.
             The game lasted 03:02:59 (43956 turns).

digijack the Tortoise (Demonspawn Berserker)       Turns: 43956, Time: 03:03:01

Health: -4/155     AC: 30    Str: 35    XL:     18   Next: 6%
Magic:  6/18       EV: 14    Int: 12    God:    Trog [*****.]
Gold:   2443       SH:  0    Dex: 16    Spells: 17/17 levels left

rFire    . . .     SeeInvis +   (no weapon)
rCold    + . .     Gourm    .   (no shield)
rNeg     . . .     Faith    .   y - +5 ring mail {rC+}
rPois    +         Spirit   .   (helmet restricted)
rElec    .         Reflect  .   S - +2 cloak {+Inv}
rCorr    .         Harm     .   o - +0 pair of gloves {Dex+3}
MR       +++++                  V - +2 pair of boots {run}
Stlth    +++.......             E - amulet of Egalitarianism {Acrobat +Blink}
HPRegen  1.35/turn              w - +5 ring of strength
MPRegen  0.16/turn              N - ring "Joceudwudu" {*Corrode MR++ Str+5 Int+3 SInv}

@: about to teleport, sanguine armour, berserk cooldown, regenerating, slowed,
very slow
A: horns 2, deformed body, nightstalker 2, poison resistance, spiny 2, wild
magic 1, evolution 1, augmentation 1, sanguine armour 2
}: 1/15 runes: gossamer
a: Berserk, Trog's Hand, Brothers in Arms, Renounce Religion, Evoke Blink, Evoke
Invisibility


You were on level 1 of the Depths.
You worshipped Trog.
Trog was extremely pleased with you.
You were near starving.

You visited 5 branches of the dungeon, and saw 28 of its levels.
You also visited: Ice Cave.

You collected 3500 gold pieces.
You spent 1057 gold pieces at shops.

Inventory:

Hand Weapons
 f - the +7 eveningstar "Naulut" {antimagic, -Tele +Fly rC+ Stlth+}
   (Trog gifted it to you on level 8 of the Dungeon)

   It reduces the magical energy of the wielder, and disrupts the spells and
   magical abilities of those hit.
   Natural abilities and divine invocations are not affected.
   It protects you from cold.
   It lets you fly.
   It prevents most forms of teleportation.
   It makes you more stealthy.
Missiles
 i - 826 stones
 p - 25 boomerangs
 Z - 2 boomerangs of dispersal (quivered)
Armour
 o - a +0 pair of gloves of dexterity (worn)
 y - a +5 ring mail of cold resistance (worn)
 S - a +2 cloak of invisibility (worn)
 V - a +2 pair of boots of running (worn)
Jewellery
 b - an uncursed ring of protection from magic
 m - an uncursed ring of flight
 v - an uncursed ring of resist corrosion
 w - a +5 ring of strength (left hand)
 E - the amulet of Egalitarianism (around neck) {Acrobat +Blink}
   (You found it on level 9 of the Dungeon)

   [amulet of the acrobat]

   It helps you evade while moving and waiting.
   It lets you blink.
 K - an uncursed ring of fire
 N - the ring "Joceudwudu" (right hand) {*Corrode MR++ Str+5 Int+3 SInv}
   (You bought it in a shop on level 1 of the Orcish Mines)

   [ring of strength]

   It affects your strength (+5).
   It affects your intelligence (+3).
   It affects your resistance to hostile enchantments.
   It lets you see invisible.
   It may corrode you when you take damage.
 P - an uncursed ring of protection from fire
Wands
 t - a wand of polymorph (46)
 u - a wand of iceblast (19)
 x - a wand of flame (56)
 B - a wand of disintegration (71)
 C - a wand of acid (13)
 I - a wand of scattershot (7)
 M - a wand of enslavement (16)
Scrolls
 a - 19 scrolls of remove curse
 l - 3 scrolls of teleportation
 q - 3 scrolls of enchant weapon
 s - 2 scrolls of blinking
 F - 5 scrolls of magic mapping
 J - 4 scrolls of fog
 L - 6 scrolls of fear
 Q - 3 scrolls of enchant armour
 T - a scroll of brand weapon
 W - a scroll of vulnerability {unknown}
 X - 6 scrolls of identify
 Y - a scroll of silence
Potions
 d - 8 potions of brilliance
 g - 4 potions of curing
 h - a potion of berserk rage
 j - 4 potions of heal wounds
 k - 3 potions of invisibility
 n - 6 potions of agility
 z - 6 potions of might
 A - a potion of mutation
 D - 5 potions of haste
 G - a potion of cancellation
 H - 8 potions of flight
 O - 5 potions of ambrosia
 R - 2 potions of magic
 U - 2 potions of resistance
Miscellaneous
 e - a phial of floods
Comestibles
 c - 46 rations
 r - 6 chunks of flesh


   Skills:
 + Level 17.2 Fighting
   Level 5.0 Long Blades
 + Level 15.5 Maces & Flails
 + Level 18.3 Armour
 + Level 4.1 Dodging
   Level 4.2 Shields


You had 17 spell levels left.
You didn't know any spells.
Your spell library was empty.

Dungeon Overview and Level Annotations

Branches:
Dungeon (15/15)            Temple (0/1) D:6            Lair (6/6) D:11
  Swamp (0/4) Lair:4       Spider (4/4) Lair:2        Slime (0/5) Lair:5
    Orc (2/2) D:9             Elf (0/3) Orc:2        Vaults (0/5) D:14
 Depths (1/5) D:15          IceCv (visited)

Altars:
Dithmenos
Elyvilon
Gozag
Nemelex Xobeh
Okawaru
Ru
Trog
Vehumet
Wu Jian
Xom
Yredelemnul
The Shining One

Shops:
D:8 :   D:9 [   Orc:1 =   Orc:2 %(![

Portals:
Hell: Depths:1
Abyss: Depths:1
Trove: D:10 (show abyssal rune of Zot)


Innate Abilities, Weirdness & Mutations

You have a pair of horns on your head.
You are significantly more attuned to the shadows.
You are mostly covered in sharp spines.
Your magical and physical power is slightly enhanced at high health.
When seriously injured, your bleeding wounds create thick armour. (AC +9)
Armour fits poorly on your strangely shaped body.
Your system is resistant to poisons. (rPois)
Your spells are a little harder to cast, but a little more powerful.
You evolve.


Message History

The spriggan berserker hits you with a +0 rapier.
* * * LOW HITPOINT WARNING * * *
The ice dragon is struck by your spines.
The ice dragon bites you but does no damage.
The ice dragon claws you but does no damage.
The ice dragon tramples you.
* * * LOW HITPOINT WARNING * * *
You hold your ground!
A slime creature comes into view.
The fire dragon breathes flames at you. The blast of flame hits you!
* * * LOW HITPOINT WARNING * * *
A yaktaur captain comes into view.
The spriggan berserker is struck by your spines.
The spriggan berserker hits you but does no damage.
The centaur warrior hits you but does no damage.
The hell knight casts a spell at you.
The bolt of fire hits the fire dragon!
The fire dragon resists.
The bolt of fire hits you!!
You die...

...# #.# ##.#####.#
#...[...# #.##....#
...c}...#
#∩##.##.####.....#...
#.##.##.#..#.p.Dp....
#.##.##.#....s.c.^..#
#.##.##.##.#)#DD#...#
#.##(#..#.[().i@....#.
#.##.#..#..#.(Dc....J#
#.##.#..########'####
#.#..'................
#....#......#..####...
######......#.##### ..
..............# #
#........≈≈≈≈≈.#
#).......≈###≈.#


You could see a storm dragon, 2 fire dragons, an ice dragon, 2 yaktaur captains,
2 hell knights, a slime creature, a wolf spider shaped shifter, a centaur
warrior and a spriggan berserker (berserk).

Vanquished Creatures
  Arachne (Spider:4)
  Rupert (D:14)
  A sphinx (Depths:1)
  The ghost of Lihy the Peltast, an adept MiFi of the Shining One (Spider:1)
  Roxanne (Spider:1)
  The ghost of Anypt the Warrior, a journeyman DsGl of Makhleb (Spider:1)
  6 ghost moths
  8 emperor scorpions
  2 very ugly things (Depths:1)
  2 entropy weavers (Spider:4)
  The ghost of Vabeppot the Carver, a journeyman DrGl of Ashenzari (Lair:5)
  Azrael (Spider:1)
  4 ettins
  Josephine (D:13)
  A fire dragon (Depths:1)
  A vault guard (D:14)
  2 great orbs of eyes (Depths:1)
  A rakshasa (Depths:1)
  6 hydras
  A death knight (D:14)
  A catoblepas (Lair:5)
  4 centaur warriors
  2 ogre magi
  A deep troll shaman (Depths:1)
  2 deep troll earth magi (Depths:1)
  11 two-headed ogres
  4 tengu warriors
  A vampire mage (Depths:1)
  5 death yaks (Lair:4)
  2 orc high priests (Orc:2)
  A fire crab (shapeshifter) (Depths:1)
  12 hell knights
  4 skeletal warriors (D:15)
  5 deep trolls
  A flayed ghost (Depths:1)
  6 unseen horrors
  2 lindwurms (D:13)
  2 necromancers (D:12)
  7 orc knights
  A phantasmal warrior (D:14)
  2 deep elf magi
  12 orb spiders
  16 wolf spiders
  18 ugly things
  2 oklob plants
  3 harpies (D:13)
  4 orc sorcerers
  7 cyclopes
  3 manticores
  9 black mambas
  10 elephants
  An eye of devastation (Lair:5)
  A centaur zombie (D:15)
  A guardian serpent (shapeshifter) (Depths:1)
  2 ice statues (IceCv)
  A gargoyle (D:11)
  6 torpor snails
  17 spiny frogs
  10 demonic crawlers
  3 yaktaurs
  4 rime drakes
  3 freezing wraiths (D:14)
  9 komodo dragons
  A tengu conjurer (D:12)
  2 queen bees
  A troll (D:14)
  6 meliai
  5 hornets
  6 polar bears
  32 jumping spiders
  3 tyrant leeches (D:13)
  The ghost of Kalelzar2 the Gusty, an amateur DrAE of Sif Muna (D:5)
  20 blink frogs
  7 hippogriffs
  3 dream sheep (Lair:6)
  2 centaur simulacra (D:10)
  11 spriggans (Lair:6)
  A shadow (D:12)
  32 tarantellas
  64 yaks
  63 redbacks
  2 vampires
  5 wraiths
  A water elemental (Depths:1)
  10 humans (D:14)
  3 fire elementals (Spider:1)
  A hog (shapeshifter) (D:12)
  A hungry ghost (D:11)
  9 vampire mosquitoes
  3 basilisks
  A redback simulacrum (D:15)
  5 wargs
  12 hell hounds
  Duvessa (D:6)
  15 water moccasins
  9 porcupines
  25 orc warriors
  4 sky beasts
  A black bear (shapeshifter) (D:15)
  2 eyes of draining
  3 phantoms
  5 black bears
  15 ice beasts
  A necrophage (D:8)
  14 ogres
  28 wolves
  15 boggarts
  11 crocodiles
  8 centaurs
  Blork the orc (D:6)
  4 big kobolds
  17 bullfrogs
  A wyvern zombie (D:11)
  2 wyvern skeletons
  A water moccasin zombie (D:10)
  2 scorpions
  A water moccasin skeleton (D:8)
  Dowan (D:6)
  47 killer bees
  4 vampire bats (D:13)
  24 wights
  4 electric eels
  5 howler monkeys
  5 crimson imps
  3 bullfrog zombies
  A quasit (D:9)
  4 jellies
  A bullfrog skeleton (D:11)
  16 orc priests
  6 hounds
  5 centaur skeletons
  4 iguanas
  18 worker ants
  Natasha (twice) (D:2)
  28 orc wizards
  A hell rat (Lair:5)
  A killer bee zombie (D:8)
  A hound zombie (D:10)
  A hound skeleton (D:11)
  4 gnolls (D:3)
  A river rat (Lair:5)
  8 adders
  3 shadow imps
  5 white imps (D:10)
  3 ufetubi (D:10)
  An adder zombie (D:6)
  5 adder skeletons
  13 worms
  A dart slug (D:1)
  6 leopard geckos
  73 orcs
  6 ball pythons
  11 bats
  9 giant cockroaches
  5 goblins
  8 hobgoblins
  19 jackals
  9 quokkas
  A ball python skeleton (D:5)
  3 frilled lizards
  2 gnoll zombies (D:5)
  A jackal skeleton (D:9)
  24 kobolds
  6 rats
1169 creatures vanquished.

Vanquished Creatures (collateral kills)
  An orc high priest (Orc:2)
  An orc warrior (Orc:2)
  An orc (Orc:2)
3 creatures vanquished.

Vanquished Creatures (others)
  A vault guard (D:14)
  An orb spider (Spider:1)
  2 orc priests (Orc:2)
  An orc wizard (Orc:2)
  7 fungi
  28 plants
40 creatures vanquished.

Grand Total: 1212 creatures vanquished

Notes
Turn   | Place    | Note
-------+----------+-------------------------------------------
     0 | D:1      | digijack the Demonspawn Berserker began the quest for the
                  | Orb.
     0 | D:1      | Reached XP level 1. HP: 18/18 MP: 1/1
   164 | D:1      | Gained mutation: When seriously injured, your bleeding
                  | wounds create armour. (AC +9) [demonic ancestry]
   164 | D:1      | Reached XP level 2. HP: 24/24 MP: 2/2
  1148 | D:2      | Found a radiant altar of Vehumet.
  1181 | D:2      | Reached XP level 3. HP: 11/29 MP: 3/3
  1376 | D:2      | Found a glowing golden altar of the Shining One.
  1436 | D:2      | Reached ** piety under Trog
  1563 | D:2      | Noticed Natasha
  1902 | D:2      | Killed Natasha
  1902 | D:2      | Reached XP level 4. HP: 35/35 MP: 4/4
  1987 | D:2      | Noticed Natasha
  2000 | D:2      | Killed Natasha
  2903 | D:3      | Found an iron altar of Okawaru.
  2950 | D:3      | Reached XP level 5. HP: 42/42 MP: 5/5
  3091 | D:3      | Reached *** piety under Trog
  3370 | D:3      | Gained mutation: You are slightly more attuned to the
                  | shadows. [demonic ancestry]
  3370 | D:3      | Reached XP level 6. HP: 39/48 MP: 6/6
  3829 | D:4      | Identified the +3 buckler of Tilosiysi {rN+ Int+2}
  3838 | D:4      | Found a white marble altar of Elyvilon.
  3918 | D:4      | Reached skill level 2 in Armour
  4023 | D:4      | Reached skill level 1 in Shields
  4071 | D:4      | Reached skill level 3 in Armour
  4071 | D:4      | Reached XP level 7. HP: 38/54 MP: 5/7
  4250 | D:4      | Found a bloodstained altar of Trog.
  4250 | D:4      | Found a sacrificial altar of Ru.
  4415 | D:5      | Entered Level 5 of the Dungeon
  4722 | D:5      | Found a runed translucent door.
  4727 | D:5      | Noticed Kalelzar2's ghost (amateur DrAE)
  4746 | D:5      | Killed Kalelzar2's ghost
  4805 | D:5      | Found an ornate altar of the Wu Jian Council.
  4806 | D:5      | Found an opulent altar of Gozag.
  4864 | D:5      | Reached skill level 4 in Armour
  4962 | D:5      | Reached **** piety under Trog
  5231 | D:5      | Found a basalt altar of Yredelemnul.
  5311 | D:6      | Found a shimmering altar of Xom.
  5330 | D:6      | Gained mutation: You are partially covered in sharp spines.
                  | [demonic ancestry]
  5330 | D:6      | Reached XP level 8. HP: 34/60 MP: 2/8
  5402 | D:6      | Reached skill level 5 in Armour
  5458 | D:6      | Found a glowing golden altar of the Shining One.
  5459 | D:6      | Noticed an oklob plant
  5502 | D:6      | Noticed Duvessa
  5503 | D:6      | Noticed Dowan
  5515 | D:6      | Killed Dowan
  5544 | D:6      | Killed Duvessa
  5596 | D:6      | Noticed Blork the orc
  5610 | D:6      | Killed Blork the orc
  5610 | D:6      | Reached skill level 6 in Armour
  5657 | D:6      | Found a staircase to the Ecumenical Temple.
  5895 | D:6      | Reached skill level 7 in Armour
  6434 | D:6      | Killed an oklob plant
  6434 | D:6      | Reached skill level 8 in Armour
  6434 | D:6      | Gained mutation: You have a pair of small horns on your
                  | head. [demonic ancestry]
  6434 | D:6      | Reached XP level 9. HP: 65/65 MP: 6/9
  6768 | D:7      | Reached skill level 9 in Armour
  7247 | D:8      | Noticed a two-headed ogre
  7256 | D:8      | Killed a two-headed ogre
  7256 | D:8      | Reached skill level 10 in Armour
  7453 | D:8      | Found Qucep's Book Emporium.
  7462 | D:8      | Reached skill level 11 in Armour
  7704 | D:8      | Gained mutation: You are mostly covered in sharp spines.
                  | [demonic ancestry]
  7704 | D:8      | Reached XP level 10. HP: 72/72 MP: 10/10
  7769 | D:8      | Reached skill level 5 in Long Blades
  7774 | D:8      | Reached ***** piety under Trog
  7774 | D:8      | Received a gift from Trog
  7775 | D:8      | Got a steaming eveningstar {god gift}
  7776 | D:8      | Identified the +7 eveningstar "Naulut" {antimagic, -Tele
                  | +Fly rC+ Stlth+} (Trog gifted it to you on level 8 of the
                  | Dungeon)
  8177 | D:9      | Reached skill level 1 in Maces & Flails
  8230 | D:9      | Noticed a white ugly thing
  8238 | D:9      | Killed a white ugly thing
  8238 | D:9      | Reached skill level 5 in Fighting
  8240 | D:9      | Found Xezir's Antique Armour Boutique.
  8330 | D:9      | Found a staircase to the Orcish Mines.
  8533 | D:9      | Got a fine crystal amulet
  8535 | D:9      | Identified the amulet of Egalitarianism {Acrobat +Blink}
                  | (You found it on level 9 of the Dungeon)
  9290 | D:10     | Entered Level 10 of the Dungeon
  9322 | D:10     | Reached skill level 12 in Armour
  9335 | D:10     | Reached XP level 11. HP: 58/83 MP: 3/11
 10216 | D:10     | Found a portal to a secret trove of treasure.
 10446 | D:10     | Reached skill level 5 in Maces & Flails
 10593 | D:11     | Noticed a white ugly thing
 10601 | D:10     | Killed a white ugly thing
 10601 | D:10     | Received a gift from Trog
 11196 | D:11     | Found a staircase to the Lair.
 11561 | D:11     | Noticed a two-headed ogre
 11565 | D:11     | Killed a two-headed ogre
 11971 | D:12     | Noticed a two-headed ogre
 11978 | D:12     | Killed a two-headed ogre
 12279 | D:12     | Found a frozen archway.
 12282 | D:12     | Gained mutation: When seriously injured, your bleeding
                  | wounds create thick armour. (AC +9) [demonic ancestry]
 12282 | D:12     | Reached XP level 12. HP: 95/95 MP: 4/12
 12308 | IceCv    | Entered an ice cave
 12315 | IceCv    | Reached skill level 13 in Armour
 12377 | IceCv    | Found a transporter.
 12405 | IceCv    | Found a transporter.
 12617 | IceCv    | Identified the Reference Book on Combat Magic
 12982 | D:12     | Noticed a two-headed ogre
 12989 | D:12     | Killed a two-headed ogre
 13165 | D:12     | Noticed an eight-headed hydra
 13171 | D:12     | Killed an eight-headed hydra
 13404 | D:12     | Received a gift from Trog
 13407 | D:12     | Reached skill level 10 in Fighting
 16015 | D:12     | Reached XP level 13. HP: 105/105 MP: 3/13
 16664 | D:13     | Reached skill level 14 in Armour
 17459 | D:13     | Received a gift from Trog
 17460 | D:13     | Got a translucent morningstar {god gift}
 17461 | D:13     | Identified the +1 morningstar of Ackuzom {vorpal, *Noise
                  | rN+ Str+6} (Trog gifted it to you on level 13 of the
                  | Dungeon)
 17850 | D:13     | Noticed Josephine
 17870 | D:13     | Killed Josephine
 17966 | D:13     | Reached skill level 10 in Maces & Flails
 18338 | D:13     | Received a gift from Trog
 18927 | D:14     | Found a shadowy altar of Dithmenos.
 19191 | D:14     | Gained mutation: You are significantly more attuned to the
                  | shadows. [demonic ancestry]
 19191 | D:14     | Reached XP level 14. HP: 35/115 MP: 4/14
 19772 | D:14     | You fall into a shaft and drop 1 floor!
 19772 | D:15     | Entered Level 15 of the Dungeon
 20145 | D:15     | Reached skill level 15 in Armour
 20413 | D:15     | Found a sparkling altar of Nemelex Xobeh.
 20620 | D:15     | Found a staircase to the Depths.
 20744 | D:15     | Found an opulent altar of Gozag.
 21087 | D:14     | Received a gift from Trog
 21281 | D:14     | Noticed Rupert
 21293 | D:14     | Killed Rupert
 21576 | D:14     | Found a gate to the Vaults.
 22117 | Orc:1    | Entered Level 1 of the Orcish Mines
 22248 | Orc:1    | Found Wufyrek's Jewellery Shop.
 22328 | Orc:1    | Received a gift from Trog
 22454 | Orc:1    | Bought the ring "Joceudwudu" {*Corrode MR++ Str+5 Int+3
                  | SInv} for 799 gold pieces
 22651 | Orc:2    | Entered Level 2 of the Orcish Mines
 23369 | Orc:2    | Received a gift from Trog
 23491 | Orc:2    | Found a staircase to the Elven Halls.
 24014 | Orc:2    | Gained mutation: You have a pair of horns on your head.
                  | [demonic ancestry]
 24014 | Orc:2    | Reached XP level 15. HP: 82/125 MP: 5/15
 24481 | Orc:2    | Found Amiweeny's Food Emporium.
 24481 | Orc:2    | Found Otumpa's Armour Shop.
 24654 | Orc:2    | Found Azibaten's Distillery.
 24654 | Orc:2    | Found Tabumyj's Weapon Emporium.
 24668 | Orc:2    | Bought a +2 cloak of invisibility for 258 gold pieces
 24777 | Lair:1   | Entered Level 1 of the Lair of Beasts
 26160 | Lair:2   | Reached skill level 16 in Armour
 26501 | Lair:2   | Found a hole to the Spider Nest.
 27377 | Lair:3   | Identified a +2 pair of boots of running (You found it on
                  | level 3 of the Lair of Beasts)
 28385 | Lair:4   | Received a gift from Trog
 28919 | Lair:4   | Found a staircase to the Swamp.
 29233 | Lair:5   | Found a runed translucent door.
 29238 | Lair:5   | Noticed Vabeppot's ghost (journeyman DrGl)
 29260 | Lair:5   | Killed Vabeppot's ghost
 29478 | Lair:5   | Found a staircase to the Slime Pits.
 29613 | Lair:5   | Gained mutation: Your spells are a little harder to cast,
                  | but a little more powerful. [potion of mutation]
 29613 | Lair:5   | Gained mutation: You have large cloven feet. [potion of
                  | mutation]
 29614 | Lair:5   | Lost mutation: You have large cloven feet. [potion of
                  | mutation]
 29614 | Lair:5   | Lost mutation: Your spells are a little harder to cast, but
                  | a little more powerful. [potion of mutation]
 29614 | Lair:5   | Gained mutation: Your spells are a little harder to cast,
                  | but a little more powerful. [potion of mutation]
 29614 | Lair:5   | Gained mutation: You evolve. [potion of mutation]
 29791 | Lair:5   | Gained mutation: Armour fits poorly on your strangely
                  | shaped body. [evolution]
 30648 | Lair:5   | Received a gift from Trog
 30886 | Lair:6   | Entered Level 6 of the Lair of Beasts
 31341 | Lair:6   | Gained mutation: Your magical and physical power is
                  | slightly enhanced at high health. [demonic ancestry]
 31341 | Lair:6   | Reached XP level 16. HP: 133/134 MP: 5/16
 31389 | Lair:6   | Reached skill level 15 in Fighting
 31644 | Lair:6   | Identified a scroll of acquirement
 31737 | Lair:6   | Received a gift from Trog
 32353 | Lair:6   | Got a steaming ring mail
 32364 | Lair:6   | Identified the cursed +1 ring mail "Icseoh" {Int+2 Dex+5}
                  | (You found it on level 6 of the Lair of Beasts)
 32774 | Spider:1 | Entered Level 1 of the Spider Nest
 33161 | Spider:1 | Identified Roxanne's Reference Book on Moulding
 33161 | Spider:1 | Noticed Roxanne
 33172 | Spider:1 | Found a runed translucent gate.
 33172 | Spider:1 | Found a runed translucent gate.
 33172 | Spider:1 | Found a runed translucent gate.
 33304 | Spider:1 | Killed Roxanne
 33344 | Spider:1 | Reached skill level 17 in Armour
 33621 | Spider:1 | Noticed Azrael
 33863 | Spider:1 | Killed Azrael
 34042 | Spider:1 | Received a gift from Trog
 34349 | Spider:1 | Noticed Anypt's ghost (journeyman DsGl)
 34349 | Spider:1 | Noticed Lihy's ghost (adept MiFi)
 34382 | Spider:1 | Killed Anypt's ghost
 34388 | Spider:1 | Killed Lihy's ghost
 36395 | Spider:2 | Got a polished flail
 36396 | Spider:2 | Identified the +6 flail "Cookie Cutter" {vorpal, rC- rN+
                  | Int-5 Dex+8} (You found it on level 2 of the Spider Nest)
 37681 | Spider:3 | Reached XP level 17. HP: 138/144 MP: 5/17
 38004 | Spider:4 | Entered Level 4 of the Spider Nest
 38621 | Spider:4 | Received a gift from Trog
 38816 | Spider:4 | HP: 7/144 [poisoned by an emperor scorpion]
 39739 | Spider:4 | Gained mutation: Your system is resistant to poisons.
                  | (rPois) [evolution]
 40010 | Spider:4 | HP: 5/217 [emperor scorpion (13)]
 40010 | Spider:4 | HP: 2/217 [emperor scorpion (3)]
 40503 | Spider:4 | Reached skill level 15 in Maces & Flails
 40728 | Spider:4 | Got a gossamer rune of Zot
 40901 | Spider:4 | Noticed Arachne
 40907 | Spider:4 | Reached skill level 18 in Armour
 40916 | Spider:4 | Killed Arachne
 41951 | Depths:1 | Entered Level 1 of the Depths
 42630 | Depths:1 | Received a gift from Trog
 42987 | Depths:1 | Found a one-way gate to the infinite horrors of the Abyss.
 43679 | Depths:1 | Reached XP level 18. HP: 105/155 MP: 6/18
 43879 | Depths:1 | Found a gateway to Hell.
 43956 | Depths:1 | Killed from afar by a hell knight

Levels and vault maps discovered:
D:1:      evilmike_arrival_plus, layout_basic
D:2:      minmay_skewed_foursquare, layout_basic, vehumet_crystals,
          old_standard_altar, uniq_natasha
D:3:      layout_loops_ring, okawaru_trees_1
D:4:      layout_rooms, gammafunk_temple_overflow_wave,
          nicolae_overflow_hidden_temple, first_ration
D:5:      layout_loops_ring, lemuel_zombie_altar_yredelemnul,
          gammafunk_temple_overflow_pools, ebering_ghost_reflecting_pool
D:6:      layout_basic, minmay_temple_entry_statues_pillars, basic_altar,
          corexii_corridor_pit, lemuel_oklob_altar, uniq_blork_the_orc,
          uniq_duvessa
D:7:      layout_rooms
D:8:      layout_loops_ring, serial_shops, shop
D:9:      layout_irregular_city, minmay_orc_entry_guard_dogs, serial_shops,
          shop, hangedman_pestilent_swarm
D:10:     layout_basic, nicolae_trove_entry_columns, serial_ice, serial_ice_h,
          serial_ice_m, serial_ice_o, serial_ice_e, serial_ice_g, serial_ice_k,
          serial_ice_b, serial_ice_d, serial_ice_a, serial_ice_f
D:11:     layout_rooms, minmay_lair_entry_grove
D:12:     layout_roguey, portal_ice_cave_rime, minmay_rotating_lava
D:13:     layout_basic, hangedman_parallel_progression, uniq_josephine
D:14:     layout_roguey, ximxim_vaults_locker_room,
          grunt_dithmenos_smoke_and_mirrors, uniq_rupert
D:15:     hangedman_depths_entry_civil_slaughter, layout_loops_ring,
          nemelex_xobeh_ov_fountains_minmay, grunt_gozag_breadcrumbs
Lair:1:   layout_regular_city
Lair:2:   layout_hall_layers, nicolae_spider_entry_orb_guardian, serial_bayou,
          serial_bayou_pond_b, serial_bayou_shore_b, serial_bayou_pond_b,
          serial_bayou_ford_a
Lair:3:   layout_cave_pods
Lair:4:   layout_hall_layers, swamp_mist
Lair:5:   regret_index_wax_grids, layout_regular_city, minmay_slime_entry_eyes,
          hellmonk_ghost_happy_afterlife, st_stairs_11
Lair:6:   minmay_lair_end_enchanted_forest, layout_cave_pods, lemuel_fruit_tree
Spider:1: layout_spider_delve, gammafunk_ghost_cemetery, drop_trap,
          nicolae_looking_at_the_future, uniq_azrael, uniq_roxanne
Spider:2: layout_spider_delve
Spider:3: layout_spider_delve, nicolae_spider_webs_and_nodes, drop_trap
Spider:4: grunt_spider_rune_circles, uniq_arachne
Orc:1:    layout_caves, serial_shops, nicolae_shop_window_shopping
Orc:2:    grunt_orc_tribal_feast, layout_caves
Depths:1: layout_gridlike, minmay_misc_feat_columns, abyss_entry, hell_entry,
          roderic_nine_men_s_morris, kennysheep_cluttered_room,
          minmay_the_grid_square_5x5_3x3_mashed
          [minmay_the_grid_square_5x5_broken_cross,
          minmay_the_grid_square_5x5_slash, minmay_the_grid_square_5x5_moneybag,
          minmay_the_grid_square_5x5_half_checkered,
          minmay_the_grid_square_5x5_megaprize_crossed,
          minmay_the_grid_square_5x5_one_wall, minmay_the_grid_square_5x5_tie,
          minmay_the_grid_square_5x5_z, minmay_the_grid_square_5x5_seven]

Skill      XL: |  1  2  3  4  5  6  7  8  9 10 11 12 13 14 15 16 17 18 |
---------------+-------------------------------------------------------+-----
Long Blades    | 3 4 5 |  5.0
Dodging        | 2 3 4 |  4.1
Fighting       | 4 6 9 10 12 13 14 16 17 | 17.2
Armour         | 3 4 8 11 12 13 14 15 16 17 18 | 18.3
Shields        | 2 4 |  4.2
Maces & Flails | 4 6 9 10 12 13 14 15 | 15.5

Action                   |  1- 3 |  4- 6 |  7- 9 | 10-12 | 13-15 | 16-18 || total
-------------------------+-------+-------+-------+-------+-------+-------++-------
Melee: Falchion          |   106 |   110 |   190 |       |       |       ||   406
       Scimitar          |       |    87 |    58 |    24 |       |       ||   169
       Headbutt          |       |       |    18 |   114 |   296 |   232 ||   660
       Eveningstar       |       |       |       |   454 |   912 |   775 ||  2141
       Morningstar       |       |       |       |       |    82 |       ||    82
Invok: Berserk           |     4 |     4 |     8 |    14 |    19 |    11 ||    60
       Trog's Hand       |       |       |     1 |     4 |     4 |     8 ||    17
       Brothers in Arms  |       |       |     1 |       |     3 |       ||     4
 Abil: Evoke Flight      |       |       |       |     8 |     4 |       ||    12
       Evoke Invisibilit |       |       |       |       |       |     3 ||     3
  Use: Scroll            |     7 |     3 |     8 |     6 |    12 |     7 ||    43
       Potion            |     2 |       |       |       |     4 |     7 ||    13
 Stab: Sleeping          |       |     1 |     2 |    22 |    28 |    14 ||    67
       Distracted        |       |       |     1 |       |     4 |     6 ||    11
       Invisible         |       |       |       |       |       |     4 ||     4
  Eat: Chunk             |     6 |    11 |    14 |    34 |    51 |    24 ||   140
       Ration            |       |       |     2 |     2 |     6 |     8 ||    18
Armor: Animal skin       |    31 |    10 |       |       |       |       ||    41
       Robe              |       |    12 |       |       |       |       ||    12
       Ring mail         |       |    17 |    75 |   182 |   414 |   481 ||  1169
Dodge: Dodged            |    71 |    93 |   103 |   332 |   640 |   589 ||  1828
Block: Buckler           |       |    12 |    74 |     4 |       |       ||    90
       Rpst.: Falchion   |    23 |     9 |    20 |       |       |       ||    52
       Scimitar          |       |    13 |     9 |     7 |       |       ||    29

Table legend:
 A = Non-vault XP
 B = Vault XP
 C = Vault XP percentage of total XP
 D = Non-vault monster count
 E = Vault monster count
 F = Vault count percentage of total count
                 A         B        C        D         E       F
            +---------+---------+-------+---------+---------+-------
      Total |  185667 |  110251 |  37.3 |     803 |     369 |  31.5
            +---------+---------+-------+---------+---------+-------
        D:1 |      37 |       0 |   0.0 |      20 |       0 |   0.0
        D:2 |      75 |      56 |  42.7 |      22 |       7 |  24.1
        D:3 |     217 |       0 |   0.0 |      23 |       0 |   0.0
        D:4 |     409 |       0 |   0.0 |      16 |       0 |   0.0
        D:5 |     307 |     274 |  47.2 |      16 |       3 |  15.8
        D:6 |     788 |     901 |  53.3 |      18 |       4 |  18.2
        D:7 |     715 |       0 |   0.0 |      13 |       0 |   0.0
        D:8 |    2712 |       0 |   0.0 |      32 |       0 |   0.0
        D:9 |    2400 |    1098 |  31.4 |      19 |       7 |  26.9
       D:10 |    1897 |    3845 |  67.0 |      26 |      32 |  55.2
       D:11 |    3230 |     671 |  17.2 |      31 |       5 |  13.9
       D:12 |    9062 |    9389 |  50.9 |      51 |      19 |  27.1
       D:13 |   10611 |    7178 |  40.4 |      39 |      53 |  57.6
       D:14 |   17179 |    6028 |  26.0 |      61 |      12 |  16.4
       D:15 |   11272 |    4826 |  30.0 |      37 |       6 |  14.0
     Lair:1 |    7279 |       0 |   0.0 |      22 |       0 |   0.0
     Lair:2 |    4289 |     828 |  16.2 |      19 |       3 |  13.6
     Lair:3 |    4748 |       0 |   0.0 |      21 |       0 |   0.0
     Lair:4 |   10142 |       0 |   0.0 |      23 |       0 |   0.0
     Lair:5 |    2410 |   13250 |  84.6 |      10 |      59 |  85.5
     Lair:6 |   10251 |    8410 |  45.1 |      33 |      46 |  58.2
   Spider:1 |   17589 |    9993 |  36.2 |      56 |      25 |  30.9
   Spider:2 |    7712 |       0 |   0.0 |      18 |       0 |   0.0
   Spider:3 |   12873 |       0 |   0.0 |      34 |       0 |   0.0
   Spider:4 |   11931 |   30815 |  72.1 |      30 |      47 |  61.0
      Orc:1 |    2195 |    1184 |  35.0 |      14 |       2 |  12.5
      Orc:2 |    5096 |    5715 |  52.9 |      61 |      25 |  29.1
   Depths:1 |   28241 |    3198 |  10.2 |      38 |       4 |   9.5
      IceCv |       0 |    2592 | 100.0 |       0 |      10 | 100.0
            +---------+---------+-------+---------+---------+-------
